 Dungeon Crawl Stone Soup version 0.31-a0-355-g57cb03d3e8 (webtiles) character file.

Game seed: 7389203019318314624

170 bobarctor the Magician (level 5, -11/24 (28) HPs)
             Began as a Deep Elf Hedge Wizard on July 24, 2023.
             Was a Follower of Okawaru.
             Mangled by an ice beast (14 damage)
             ... on level 4 of the Dungeon.
             The game lasted 00:17:25 (3828 turns).

bobarctor the Magician (Deep Elf Hedge Wizard)      Turns: 3828, Time: 00:17:26

HP:   -11/24 (28)   AC:  2    Str:  7    XL:     5   Next: 25%
MP:   8/16          EV: 12    Int: 21    God:    Okawaru [*.....]
Gold: 184           SH:  0    Dex: 14    Spells: 3/18 levels left

rFire   . . .        t - +1 hand axe (elec)
rCold   . . .        (no shield)
rNeg    . . .        b - +0 robe
rPois   .            s - melded +0 helmet
rElec   .            (cloak currently unavailable)
rCorr   .            (gloves currently unavailable)
SInv    .            (boots currently unavailable)
Will    +....        (no amulet)
Stlth   ++           F - ring of willpower
HPRegen 0.24/turn    (no ring)
MPRegen 0.15/turn

%: no passive effects
@: beast-form, heavily drained
A: beast (slay +0)
a: Begin Untransformation, Renounce Religion, Heroism


You were on level 4 of the Dungeon.
You worshipped Okawaru.
Okawaru was aware of your devotion.
You were a hulking beast.
You visited 1 branch of the dungeon, and saw 4 of its levels.

You collected 184 gold pieces.

Inventory:

Hand Weapons
 a - a +0 dagger
 t - a +1 hand axe of electrocution (weapon)
Missiles
 p - 2 poisoned darts
Armour
 b - a +0 robe (worn)
 c - a +0 hat
 s - a +0 helmet (melded)
Magical Staves
 x - a staff of conjuration
Jewellery
 F - a ring of willpower (left hand)
Talismans
 h - a granite talisman
 o - a beast talisman
 v - a beast talisman
 y - a dragon-blood talisman
Wands
 q - a wand of flame (14)
 C - a wand of quicksilver (8)
Scrolls
 f - a scroll of revelation {unknown}
 g - 2 scrolls of enchant weapon {unknown}
 j - 2 scrolls of amnesia {unknown}
 l - 5 scrolls of poison {unknown}
 m - a scroll of summoning {unknown}
 n - a scroll of acquirement {unknown}
 u - a scroll of enchant armour {unknown}
 z - a scroll of fog {unknown}
 A - a scroll of vulnerability {unknown}
 D - a scroll of teleportation {unknown}
Potions
 d - 2 potions of magic
 e - 2 potions of heal wounds {unknown}
 i - a potion of invisibility {unknown}
 k - 2 potions of lignification {unknown}
 r - 2 potions of cancellation {unknown}
 w - a potion of enlightenment {unknown}
 B - a potion of might {unknown}
 E - 2 potions of attraction {unknown}


   Skills:
 + Level 2.6 Dodging
 + Level 2.9 Stealth
 * Level 7.0 Spellcasting
 + Level 2.4 Conjurations
 + Level 1.1 Summonings
 + Level 1.3 Translocations
 + Level 0.3 Air Magic
 + Level 0.4 Poison Magic
 * Level 0.3 Shapeshifting


You had 3 spell levels left.
You knew the following spells:

 Your Spells              Type           Power      Damage    Failure   Level
a - Magic Dart            Conj           68%        1d6       3%          1
b - Blink                 Tloc           26%        N/A       8%          2
c - Cigotuvi's Dreadful   Necr/Pois/Air  16%        N/A       12%         2
d - Mephitic Cloud        Conj/Pois/Air  11%        N/A       17%         3
e - Poisonous Vapours     Pois/Air       16%        N/A       12%         2
f - Ensorcelled Hibernat  Hex/Ice        14%        N/A       13%         2
g - Swiftness             Air            8%         N/A       24%         3

Your spell library contained the following spells:

 Spells                   Type           Power      Damage    Failure   Level
 Slow                     Hex            28%        N/A       9%          1
 Passwall                 Tmut/Erth      5%         N/A       13%         2
 Freezing Cloud           Conj/Ice/Air   5%         6-21      86%         5
 Call Imp                 Summ           Unusable   N/A       N/A         2

Dungeon Overview and Level Annotations

Branches:
Dungeon (4/15)
 Temple: D:4-7

Altars:
Elyvilon
Okawaru
The Shining One


Message History

The ice beast is moderately wounded.
Aiming: Magic Dart (safe; 3% risk of failure)
Press: ? - help, Q - select action, (/) - cycle Shift-Dir - straight line, f/p - ice beast
Aim: an ice beast (moderately wounded, 100% to hit)
The magic dart hits the ice beast but does no damage.
The ice beast is moderately wounded.
Your magical contamination has completely faded away.
Aiming: Magic Dart (safe; 3% risk of failure)
Press: ? - help, Q - select action, (/) - cycle Shift-Dir - straight line, f/p - ice beast
Aim: an ice beast (moderately wounded, 100% to hit)
The magic dart hits the ice beast but does no damage.
The ice beast is moderately wounded.
You hit the ice beast but do no damage.
The ice beast is moderately wounded.
The ice beast barely misses you. x2
You hit the ice beast.
Lightning courses through the ice beast!
The ice beast is almost dead.
The ice beast barely misses you.
You closely miss the ice beast.
The ice beast is almost dead.
The ice beast closely misses you.
You closely miss the ice beast.
The ice beast is almost dead.
The ice beast hits you but does no damage.
You hit the ice beast but do no damage.
The ice beast is almost dead.
The ice beast hits you. The ice beast freezes you! The ice beast hits you.
The ice beast freezes you!
* * * LOW HITPOINT WARNING * * *
Aiming: Magic Dart (safe; 3% risk of failure)
Press: ? - help, Q - select action, (/) - cycle Shift-Dir - straight line, f/p - ice beast
Aim: an ice beast (almost dead, 100% to hit)
The magic dart hits the ice beast but does no damage.
The ice beast is almost dead.
The ice beast hits you.
* * * LOW HITPOINT WARNING * * *
The ice beast freezes you!
Ouch! That really hurt!
You die...

##.###.##.####....
#.÷# #.........#÷.
#..###.####.##..[.
#......# #.###...
#.###### #.......
#.# ######.. #.#
#.. #Y# #.. #h#
##. #.######### #.
#.........#######.
#########.........
##########


You could see an ice beast.

Vanquished Creatures
  A hound (D:4)
  Jessica (D:2)
  Terence (D:2)
  Robin (D:1)
  4 dart slugs
  2 orcs
  6 ball pythons
  9 endoplasms
  3 giant cockroaches
  11 goblins
  9 hobgoblins
  8 bats
  3 frilled lizards (D:1)
  4 kobolds
  A rat (D:1)
64 creatures vanquished.

Notes
Turn   | Place    | Note
-------+----------+-------------------------------------------
     0 | D:1      | bobarctor the Deep Elf Hedge Wizard began the quest for the
                  | Orb.
     0 | D:1      | Reached XP level 1. HP: 10/10 MP: 7/7
   252 | D:1      | Reached skill level 5 in Spellcasting
   266 | D:1      | Reached XP level 2. HP: 15/15 MP: 5/10
   269 | D:1      | Learned a level 2 spell: Blink
  1207 | D:2      | Reached XP level 3. HP: 12/19 MP: 7/12
  1306 | D:2      | Noticed Jessica
  1311 | D:2      | Learned a level 2 spell: Cigotuvi's Dreadful Rot
  1334 | D:1      | Learned a level 3 spell: Mephitic Cloud
  1343 | D:2      | Killed Jessica
  1344 | D:2      | Reached skill level 6 in Spellcasting
  1503 | D:2      | Noticed Robin
  1629 | D:1      | Killed Robin
  1630 | D:1      | Reached XP level 4. HP: 14/24 MP: 0/14
  2009 | D:2      | Noticed Terence
  2029 | D:2      | Learned a level 2 spell: Poisonous Vapours
  2071 | D:2      | Killed Terence
  2667 | D:3      | Found a faded altar of an unknown god.
  2681 | D:3      | Prayed at the altar of an unknown god.
  2681 | D:3      | Became a worshipper of Warmaster Okawaru
  2681 | D:3      | Reached * piety under Okawaru
  2816 | D:3      | Learned a level 2 spell: Ensorcelled Hibernation
  2820 | D:3      | Learned a level 3 spell: Swiftness
  2963 | D:3      | Found a glowing golden altar of the Shining One.
  3587 | D:4      | Reached XP level 5. HP: 28/28 MP: 14/16
  3679 | D:4      | Reached skill level 7 in Spellcasting
  3729 | D:4      | Found a white marble altar of Elyvilon.
  3798 | D:4      | Noticed an ice beast
  3828 | D:4      | Mangled by an ice beast

Illustrated notes

Levels and vault maps discovered:
D:1:      tarquinn_simple_flora_water_e, layout_basic
D:2:      layout_loops_ring, chequers_avenue, uniq_jessica, uniq_terence,
          uniq_robin
D:3:      layout_rooms, mainiacjoe_overflow_alcove_2,
          ebering_ecumenical_altar_sacrificial
D:4:      layout_loops_ring, doesnt_xom_only_xom,
          nicolae_elyvilon_peaceful_grove

Skill      XL: |  1  2  3  4  5 |
---------------+----------------+-----
Spellcasting   | 5 6 7 |  7.0
Conjurations   | 2 |  2.4
Dodging        | |  2.6
Stealth        | |  2.9
Summonings     | |  1.1
Translocations | |  1.3
Air Magic      | |  0.3
Poison Magic   | |  0.4
Shapeshifting  | |  0.3

Action                     |  1- 3 |  4- 6 || total
---------------------------+-------+-------++-------
  Melee: Dagger            |     2 |     6 ||     8
         Hand axe          |       |    15 ||    15
   Cast: Magic Dart        |    83 |    74 ||   157
         Mephitic Cloud    |     4 |     5 ||     9
         Blink             |     2 |     2 ||     4
         Poisonous Vapours |       |     3 ||     3
         Cigotuvi's Dreadf |       |     1 ||     1
   Stab: Confused          |     1 |     2 ||     3
         Sleeping          |       |     1 ||     1
 Armour: Robe              |     1 |     2 ||     3
  Dodge: Dodged            |    13 |    17 ||    30
   Form: Beast             |       |     1 ||     1

Table legend: (Time is in decaauts)
 A = Elapsed time spent in this place.
 B = Non-inter-level travel time spent in this place.
 C = Inter-level travel time spent in this place.
 D = Time resting spent in this place.
 E = Time spent auto-exploring this place.
 F = Levels seen in this place.
 G = Mean time per level.
                   A        B        C        D        E       F      G
               +--------+--------+--------+--------+--------+-----+--------+
         Total |   3835 |   3745 |     90 |    562 |   2589 |   4 |  958.8 |
       Dungeon |   3835 |   3745 |     90 |    562 |   2589 |   4 |  958.8 |
               +--------+--------+--------+--------+--------+-----+--------+

Top non-repeatable levels by time:
     D:1: 1260 daAuts
     D:2: 1209 daAuts
     D:4: 777 daAuts
     D:3: 587 daAuts
